 Dungeon Crawl Stone Soup version 0.30-a0-852-g08b95dd62f (webtiles) character file.

Game seed: 10870131897719648634

41 ProzacElf the Ducker (level 3, -3/27 HPs)
             Began as a Djinni Air Elementalist on Mar 4, 2023.
             Killed from afar by Natasha (8 damage)
             ... with a magic dart
             ... on level 2 of the Dungeon.
             The game lasted 00:06:15 (1319 turns).

ProzacElf the Ducker (Djinni Air Elementalist)      Turns: 1319, Time: 00:06:15

Health: -3/27      AC:  2    Str:  9    XL:     3   Next: 75%
Gold:   42         EV: 13    Int: 16    God:
                   SH:  0    Dex: 13

rFire   + + .      SeeInvis .    a - +4 spear
rCold   x . .      Faith    .    (no shield)
rNeg    . . .      Spirit   .    e - +0 robe
rPois   ∞          Reflect  .    (no helmet)
rElec   .          Rampage  .    (no cloak)
rCorr   .                        (no gloves)
Will    +....                    (boots unavailable)
Stlth   ++                       (no amulet)
HPRegen 0.24/turn                g - ring of willpower
MPRegen 0.00/turn                (no ring)

@: flying, unable to drink
A: sickness immunity, fire resistance 2, cold vulnerability 1, float, innate
caster, HP casting, extra vitality 1, mutation resistance 1, robust 1, inability
to drink after injury 1
a: no special abilities


You were on level 2 of the Dungeon.
You visited 1 branch of the dungeon, and saw 2 of its levels.

You collected 42 gold pieces.

Inventory:

Hand Weapons
 a - a +4 spear (weapon)
 h - a +0 dagger
 i - a +0 sling
 j - a +0 short sword
Missiles
 f - 12 stones
Armour
 c - a +0 ring mail
 e - a +0 robe (worn)
Jewellery
 g - a ring of willpower (left hand)
Potions
 d - a potion of attraction {unknown}


   Skills:
 + Level 3.3 Dodging
 - Level 1.5 Stealth
 + Level 3.0 Spellcasting


You knew the following spells:

 Your Spells              Type           Power      Damage    Failure   Level
a - Shock                 Conj/Air       48%        1d6       5%          1
b - Static Discharge      Conj/Air       24%        2-3/arc   9%          2
c - Airstrike             Air            6%         2d(1-17)  47%         4
d - Magic Dart            Conj           48%        1d5       5%          1
w - Swiftness             Air            12%        N/A       16%         3
Your spell library was empty.

Dungeon Overview and Level Annotations

Branches:
Dungeon (2/15)

Altars:

Annotations:
D:2 Natasha


Innate Abilities, Weirdness & Mutations

You are immune to sickness and miasma.
You are immune to poison.
Your flesh is very heat resistant. (rF++)
You are vulnerable to cold. (rC-)
You float through the air rather than walking.
You learn spells naturally, not from books.
Your magical power is your life essence.
You have superior vitality. (+4 MHP)
You are somewhat resistant to further mutation.
You are robust. (+10% HP)
You occasionally lose the ability to drink potions when taking damage.


Message History

Aimin': Shock (safe; 5% risk o' failure)
Press: ? - help, Shift-Dir - straight line Tha zap misses Natasha. x2; Natasha claws ye.
Ye take 4 damage, an' haf 11/25 hp.
Castin': Shock (safe; 5% risk o' failure) Confirm wit' . or Enter, or press ? or * ta list all spells.
Aimin': Shock (safe; 5% risk o' failure)
Press: ? - help, Shift-Dir - straight line Tha zap hits Natasha.
Natasha be moderately wounded.
Tha zap misses tha white imp.
Tha zap hits tha white imp.
Tha white imp be heavily wounded.
Tha zap misses Natasha.
Natasha stares at ye an' mumbles some strange words.
Tha magic dart hits ye.
* * * LOW HITPOINT WARNIN'
* * * Ye take 6 damage, an' haf 5/25 hp.
MASSIVE DAMAGE!!
It was a potion o' mutation.
Ye feel 'stremely strange.
Ye feel robust.
Ye occasion'lly lose tha ability ta drink potions wh'n takin' damage.
Ye feel genetic'lly st'ble.
Natasha barely misses ye.
Castin': Shock (safe; 5% risk o' failure) Confirm wit' . or Enter, or press ? or * ta list all spells.
Aimin': Shock (safe; 5% risk o' failure)
Press: ? - help, Shift-Dir - straight line Tha zap hits Natasha.
Natasha be heavily wounded.
Tha zap hits tha white imp.
Tha white imp be severely wounded.
Tha zap hits tha white imp.
Ye kill tha white imp!
Tha white imp disappears in a puff o' smoke!
Tha zap hits Natasha but does nay damage.
Natasha be heavily wounded.
* * * LOW HITPOINT WARNIN'
* * * Natasha stares at ye an' mumbles some strange words.
Tha magic dart hits ye!
Ye feel threaten'd an' lose tha ability ta drink potions!
Ye die...

..# ..# ##...
.... #..# #..#
########## #.!#
.........#####..#
.#######....@h§.#
#.#####.## #.#
#.# #.# #.# #.##
#.# #..# #.# #..#
#.# #..####.#
#.......#


You could see Natasha.

Vanquished Creatures
  A worm (D:2)
  A dart slug (D:1)
  3 endoplasms (D:1)
  2 goblins
  4 hobgoblins
  4 jackals (D:1)
  A quokka (D:2)
  5 ball pythons
  4 bats
  4 frilled lizards
  3 kobolds
  2 rats (D:1)
34 creatures vanquished.

Vanquished Creatures (others)
  3 fungi (D:1)
3 creatures vanquished.

Grand Total: 37 creatures vanquished

Notes
Turn   | Place    | Note
-------+----------+-------------------------------------------
     0 | D:1      | ProzacElf the Djinni Air Elementalist began the quest for
                  | the Orb.
     0 | D:1      | ProzacElf set off with the following spells memorised:
                  | Shock, Static Discharge, Swiftness, Airstrike.
     0 | D:1      | Reached XP level 1. HP: 15/15 MP: 0/0
   122 | D:1      | Reached XP level 2. HP: 17/21 MP: 0/0
   373 | D:1      | Reached XP level 3. HP: 23/25 MP: 0/0
   373 | D:1      | Learned a level 1 spell: Magic Dart
   736 | D:1      | Found a faded altar of an unknown god.
  1267 | D:2      | Noticed Natasha
  1318 | D:2      | Gained mutation: You are robust. (+10% HP) [potion of
                  | mutation]
  1318 | D:2      | Gained mutation: You occasionally lose the ability to drink
                  | potions when taking damage. [potion of mutation]
  1318 | D:2      | Gained mutation: You are somewhat resistant to further
                  | mutation. [potion of mutation]
  1319 | D:2      | Killed from afar by Natasha

Illustrated notes

Levels and vault maps discovered:
D:1:      lemuel_arrival_muddy, layout_basic,
          dreamdust_ecumenical_altar_hidden_monk_grotto
D:2:      layout_loops_ring, uniq_crazy_yiuf_cottage, uniq_natasha

Skill      XL: |  1  2  3 |
---------------+----------+-----
Dodging        | 3 |  3.3
Spellcasting   | 3 |  3.0
Stealth        | |  1.5

Action                     || total
---------------------------++-------
  Melee: Spear             ||     4
   Cast: Shock             ||    89
    Use: Potion            ||     1
 Armour: Robe              ||     3
  Dodge: Dodged            ||     5

Table legend: (Time is in decaauts)
 A = Elapsed time spent in this place.
 B = Non-inter-level travel time spent in this place.
 C = Inter-level travel time spent in this place.
 D = Time resting spent in this place.
 E = Time spent auto-exploring this place.
 F = Levels seen in this place.
 G = Mean time per level.
                   A        B        C        D        E       F      G
               +--------+--------+--------+--------+--------+-----+--------+
         Total |   1317 |   1195 |    122 |    251 |    719 |   2 |  658.5 |
       Dungeon |   1317 |   1195 |    122 |    251 |    719 |   2 |  658.5 |
               +--------+--------+--------+--------+--------+-----+--------+

Top non-repeatable levels by time:
     D:1: 991 daAuts
     D:2: 325 daAuts
